 Dungeon Crawl Stone Soup version 0.25-a0-292-gaa31f046c4 (webtiles) character file.

Game seed: 1227573732360512664, levelgen mode: deterministic

34 MoonlitKnight the Ruffian (level 3, 0/29 HPs)
             Began as a Draconian Transmuter on Dec 15, 2019.
             Slain by a hobgoblin (2 damage)
             ... on level 3 of the Dungeon.
             The game lasted 00:03:05 (1668 turns).

MoonlitKnight the Ruffian (Draconian Transmuter)    Turns: 1668, Time: 00:03:06

Health: 0/29       AC:  6    Str: 13    XL:     3   Next: 14%
Magic:  3/6        EV: 12    Int: 13    God:
Gold:   21         SH:  0    Dex: 11    Spells: 3/6 levels left

rFire    . . .     SeeInvis .     - Unarmed
rCold    . . .     Gourm    .   (no shield)
rNeg     . . .     Faith    .   (armour unavailable)
rPois    .         Spirit   .   (helmet restricted)
rElec    .         Reflect  .   (no cloak)
rCorr    .         Harm     .   (no gloves)
MR       .....                  n - +0 pair of boots
Stlth    +.........             (no amulet)
HPRegen  0.09/turn              (no ring)
MPRegen  0.10/turn              (no ring)

@: appendage (expiring)
A: unfitting armour, horns 2, cold-blooded, AC +5
a: End Transformation


You were on level 3 of the Dungeon.
You were not hungry.
You had grown temporary horns.
You visited 1 branch of the dungeon, and saw 3 of its levels.

You collected 21 gold pieces.

Inventory:

Missiles
 a - 11 arrows
 b - 6 atropa-tipped darts (quivered)
Armour
 n - a +0 pair of boots (worn)
Jewellery
 e - an uncursed ring of protection from cold {unknown}
 k - an uncursed amulet of magic regeneration {unknown}
Scrolls
 g - 4 scrolls of identify {unknown}
 h - a scroll of teleportation {unknown}
 i - a scroll of noise {unknown}
 j - a scroll of immolation {unknown}
 o - a scroll of blinking {unknown}
 q - a scroll of random uselessness {unknown}
Potions
 d - a potion of lignification {unknown}
 f - a potion of degeneration {unknown}
 l - a potion of curing {unknown}
 m - a potion of heal wounds {unknown}
Comestibles
 c - 4 rations
 p - 5 chunks of flesh


   Skills:
 + Level 1.9 Fighting
 + Level 2.2 Dodging
 * Level 3.7 Unarmed Combat
 - Level 2.0 Spellcasting
 - Level 2.0 Transmutations


You had 3 spell levels left.
You knew the following spells:

 Your Spells              Type           Power        Failure   Level  Hunger
a - Beastly Appendage     Tmut           #.....       11%         1    ##.....
b - Sticks to Snakes      Tmut           #.......     17%         2    ###....

Your spell library contained the following spells:

 Spells                   Type           Power        Failure   Level  Hunger
 Spider Form              Tmut/Pois      #.........   45%         3    ####...
 Ice Form                 Ice/Tmut       #.......     86%         4    #####..
 Blade Hands              Tmut           #.........   97%         5    ######.


Dungeon Overview and Level Annotations

Branches:
Dungeon (2/15)

Altars:

Annotations:
D:3 Natasha


Innate Abilities, Weirdness & Mutations

Your plain brown scales are hard. (AC +5)
You cannot fit into any form of body armour.
You are cold-blooded and may be slowed by cold attacks.
You have a pair of horns on your head.


Message History

Your adder closely misses the orc.
The hobgoblin hits you but does no damage.
The orc hits you with a +0 club. The orc closely misses you.
Natasha, Servant of Life and Death comes into view.
You barely miss the orc.
The orc is lightly wounded.
The orc hits you.
* * * LOW HITPOINT WARNING * * *
Your adder closely misses the orc.
The hobgoblin hits you but does no damage.
Natasha casts a spell.
The orc hits you with a +0 club.
* * * LOW HITPOINT WARNING * * *
The orc hits you with a +0 short sword.
* * * LOW HITPOINT WARNING * * *
The orc closely misses your adder.
You hit the orc. You headbutt the orc.
You kill the orc!
Your adder misses the orc. The orc closely misses you. The hobgoblin hits you.
You die...

.......
.o.....
.o.o...
..S....
[......
#.>!######
#.......o#
.....#..h#go#
(#. ##.ooo@#
#.5.##So#
#..####..#
#.#
#......... #[
#..##...... #
...## ....##
..## ..(..
.[.# ##o##
... ..#


You could see Natasha, a white imp, 6 orcs, a hobgoblin and a friendly adder.

Vanquished Creatures
  A leopard gecko (D:1)
  4 orcs (D:3)
  A giant cockroach (D:1)
  A goblin (D:3)
  6 hobgoblins
  3 kobolds (D:1)
  3 bats (D:1)
  4 frilled lizards (D:1)
  4 rats (D:1)
27 creatures vanquished.

Vanquished Creatures (collateral kills)
  An orc (D:3)
1 creature vanquished.

Grand Total: 28 creatures vanquished

Notes
Turn   | Place    | Note
-------+----------+-------------------------------------------
     0 | D:1      | MoonlitKnight the Draconian Transmuter began the quest for
                  | the Orb.
     0 | D:1      | Reached XP level 1. HP: 16/16 MP: 3/3
   328 | D:1      | Reached XP level 2. HP: 16/23 MP: 3/5
  1130 | D:1      | You fall into a shaft and drop 1 floor!
  1455 | D:2      | Learned a level 2 spell: Sticks to Snakes
  1607 | D:2      | You fall into a shaft and drop 1 floor!
  1663 | D:3      | Reached XP level 3. HP: 16/29 MP: 2/6
  1666 | D:3      | Noticed Natasha
  1668 | D:3      | Slain by a hobgoblin

Levels and vault maps discovered:
D:1:      dpeg_arrival_leaves_temple_mockup, layout_basic
D:2:      layout_loops_ring, minmay_misc_feat_diagonals,
          nicolae_tso_swordbearing_angel, uniq_sigmund, uniq_crazy_yiuf_cottage
D:3:      layout_rooms, lemuel_round_altar, minitemple, kennysheep_minor_cross,
          dk_noncrumbling_4, minmay_misc_feat_chi, uniq_natasha

Skill      XL: |  1 |
---------------+----+-----
Dodging        | 2 |  2.2
Fighting       | |  1.9
Unarmed Combat | |  3.7
Spellcasting   | |  2.0
Transmutations | |  2.0

Action                   || total
-------------------------++-------
Melee: Unarmed           ||   103
       Kick              ||     3
       Headbutt          ||     6
       Punch             ||     1
       Tailslap          ||     7
 Cast: Beastly Appendage ||    11
       Sticks to Snakes  ||     1
 Stab: Sleeping          ||     1
  Eat: Chunk             ||     3
Armor: Skin              ||    37
Dodge: Dodged            ||    85

Table legend:
 A = Non-vault XP
 B = Vault XP
 C = Vault XP percentage of total XP
 D = Non-vault monster count
 E = Vault monster count
 F = Vault count percentage of total count
                 A         B        C        D         E       F
            +---------+---------+-------+---------+---------+-------
      Total |      49 |       0 |   0.0 |      28 |       0 |   0.0
            +---------+---------+-------+---------+---------+-------
        D:1 |      26 |       0 |   0.0 |      18 |       0 |   0.0
        D:2 |       8 |       0 |   0.0 |       4 |       0 |   0.0
        D:3 |      15 |       0 |   0.0 |       6 |       0 |   0.0
            +---------+---------+-------+---------+---------+-------
